 Dungeon Crawl Stone Soup version 0.14-a0-1637-gd423c14 (webtiles) character file.

154 4tharraofdagon the Slasher (level 4, -1/31 HPs)
             Began as a Halfling Chaos Knight on Dec 26, 2013.
             Was a Plaything of Xom.
             Slain by an adder (3 damage)
             ... on Level 4 of the Dungeon.
             The game lasted 00:03:43 (974 turns).

4tharraofdagon the Slasher (Halfling Chaos Knight)   Turns: 974, Time: 00:03:43

HP  -1/31        AC  6     Str  6      XL: 4   Next: 51%
MP   4/4         EV 12     Int 12      God: Xom
Gold 81          SH  0     Dex 15      Spells:  0 memorised,  3 levels left

rFire  . . .     SeeInvis .     a - +0 falchion (chaos)
rCold  . . .     Clarity  .     b - +2 leather armour
rNeg   + . .     Conserve .     (no shield)
rPois  .         rCorr    .     (no helmet)
rElec  .         rRot     .     (no cloak)
SustAb . .       Spirit   .     (no gloves)
rMut   .         Warding  .     w - +0 pair of boots
Saprov . . .     Stasis   .     (no amulet)
                                (no ring)
                                l - ring of positive energy {unknown}

@: mildly poisoned, drained, slightly resistant to hostile enchantments,
unstealthy
A: fangs 1, deterioration 1, mutation resistance 1, screaming 2, slow metabolism
1, weak 2
a: Renounce Religion


You were on level 4 of the Dungeon.
You worshipped Xom.
You were a special plaything of Xom.
You were not hungry.

You visited 1 branch of the dungeon, and saw 4 of its levels.

You collected 81 gold pieces.

Inventory:

Hand weapons
 a - a +0,+0 falchion of chaos (weapon)
Missiles
 n - 5 tomahawks (quivered)
 o - 2 javelins
Armour
 b - a +2 leather armour (worn)
 h - a +0 chain mail
 u - a +0 plate armour
 w - a +0 pair of boots (worn)
Comestibles
 c - 3 bread rations
Scrolls
 e - a scroll of blinking {unknown}
 f - 2 scrolls of teleportation {unknown}
 g - a scroll of random uselessness {unknown}
 j - a scroll of enchant weapon I {unknown}
 m - a scroll of curse weapon {unknown}
 p - a scroll of immolation {unknown}
 r - a scroll of fog {unknown}
 s - 2 scrolls of remove curse {unknown}
 v - a scroll of identify {unknown}
Jewellery
 l - a ring of positive energy (left hand) {unknown}
Potions
 d - a potion of heal wounds
 i - a potion of curing
 k - a potion of flight
 t - a potion of agility {unknown}


   Skills:
 + Level 3.1(2.8) Fighting
 * Level 4.0(3.7) Long Blades
 + Level 1.4(1.1) Armour
 + Level 2.9(2.6) Dodging


You had 3 spell levels left.
You didn't know any spells.

Dungeon Overview and Level Annotations

Branches:
Dungeon (4/16)
 Temple: D:4-7

Altars:


Innate Abilities, Weirdness & Mutations

You are small and have problems with some larger weapons.
You are somewhat resistant to further mutation.
You have a slow metabolism.
You have very sharp teeth.
Your body is slowly deteriorating.
You sometimes yell uncontrollably.
You are very weak. (Str -4)


Message History

You closely miss it. It bites you but does no damage.
It bites you but does no damage.
You miss it.
You feel sick. It bites you but does no damage.
It bites you but does no damage.
You barely miss it. It bites you.
* * * LOW HITPOINT WARNING * * *
It bites you but does no damage.
You completely miss it. It bites you.
* * * LOW HITPOINT WARNING * * *
You are more poisoned.
It poisons you! It bites you but does no damage.
It bites you but does no damage.
You closely miss it.
* * * LOW HITPOINT WARNING * * *
You feel sick. It bites you.
* * * LOW HITPOINT WARNING * * *
You are more poisoned.
It poisons you! It bites you.
You die... "Boring in life, boring in death..."

##.# #..# ##'#####
#..%...# #......#
#..[...# #########
#......#
.........####......#
#@...'......#
######......#
########


There were no monsters in sight!

Vanquished Creatures
  3 adders
  2 worms
  2 orcs
  4 giant cockroaches
  4 goblins
  5 hobgoblins
  A kobold (D:4)
  4 bats
  2 giant geckos
  A giant gecko skeleton (D:4)
  4 giant newts
  A giant newt skeleton (D:4)
  A rat (D:1)
  A rat skeleton (D:4)
35 creatures vanquished.

Notes
Turn   | Place    | Note
--------------------------------------------------------------
     0 | D:1      | 4tharraofdagon, the Halfling Chaos Knight, began the quest for the Orb.
     0 | D:1      | Reached XP level 1. HP: 15/15 MP: 1/1
   101 | D:1      | Reached skill level 1 in Armour
   146 | D:1      | Reached XP level 2. HP: 18/20 MP: 2/2
   236 | D:2      | XOM: silly message
   265 | D:2      | XOM: harmless Tloc miscast
   269 | D:2      | XOM: 2-stop teleportation journey
   275 | D:2      | Reached XP level 3. HP: 25/25 MP: 3/3
   406 | D:2      | XOM: draining
   568 | D:3      | Reached XP level 4. HP: 2/31 MP: 4/4
   648 | D:3      | XOM: give mutations
   648 | D:3      | Gained mutation: You are weak. (Str -2) [Xom's mischief]
   648 | D:3      | Gained mutation: You occasionally shout uncontrollably. [Xom's mischief]
   648 | D:3      | Gained mutation: You are very weak. (Str -4) [Xom's mischief]
   648 | D:3      | Gained mutation: You have very sharp teeth. [Xom's mischief]
   736 | D:4      | XOM: mild Trmt miscast
   868 | D:4      | Reached skill level 4 in Long Blades
   878 | D:4      | XOM: give mutations
   878 | D:4      | Gained mutation: Your body is slowly deteriorating. [Xom's mischief]
   878 | D:4      | Gained mutation: You sometimes yell uncontrollably. [Xom's mischief]
   878 | D:4      | Gained mutation: You tend to lose your temper in combat. [Xom's mischief]
   878 | D:4      | Lost mutation: You tend to lose your temper in combat. [Xom's mischief]
   974 | D:4      | Slain by an adder

Action                   |  1- 3 |  4- 6 || total
-------------------------+-------+-------++-------
Melee: Falchion          |    90 |    59 ||   149
  Use: Potion            |     6 |       ||     6
 Stab: Paralysed         |       |     2 ||     2
